 Dungeon Crawl Stone Soup version 0.21-a0-615-g8e08f28 (webtiles) character file.

18 Firecrotchwizard the Skirmisher (level 2, -3/24 HPs)
             Began as a Demonspawn Abyssal Knight on Dec 22, 2017.
             Was a Follower of Lugonu.
             Slain by a hobgoblin
             ... wielding a +0 club
              (6 damage)
             ... on level 1 of the Dungeon.
             The game lasted 00:00:45 (322 turns).

Firecrotchwizard the Skirmisher (DsAK)               Turns: 322, Time: 00:00:46

Health: -3/24      AC:  3    Str: 12    XL:     2   Next: 48%
Magic:  4/4        EV: 11    Int: 13    God:    Lugonu [*.....]
Gold:   0          SH:  0    Dex: 12    Spells: 1/1 levels left

rFire    . . .     SeeInvis .   a - +1 mace
rCold    . . .     Gourm    .   (no shield)
rNeg     . . .     Faith    .   b - +0 leather armour
rPois    .         Spirit   .   (no helmet)
rElec    .         Reflect  .   (no cloak)
rCorr    .         Harm     .   (no gloves)
MR       .....                  (no boots)
Stlth    +.........             (no amulet)
HPRegen  0.08/turn              (no ring)
MPRegen  0.09/turn              (no ring)

@: no status effects
A: claws 1
a: Depart the Abyss, Renounce Religion


You were on level 1 of the Dungeon.
You worshipped Lugonu.
Lugonu was aware of your devotion.
You were not hungry.

You visited 1 branch of the dungeon, and saw 1 of its levels.
You visited the Abyss 1 time.

Inventory:

Hand Weapons
 a - a +1 mace (weapon)
Armour
 b - a +0 leather armour (worn)
Scrolls
 e - a scroll of teleportation {unknown}
 f - a scroll of magic mapping {unknown}
 g - a scroll of amnesia {unknown}
Comestibles
 c - a ration {@e1}
 d - 2 chunks of flesh {@w0}


   Skills:
 + Level 3.1 Fighting
 * Level 2.1 Maces & Flails
 + Level 2.0 Armour
 + Level 1.2 Dodging
 + Level 2.8 Invocations


You had one spell level left.
You didn't know any spells.

Dungeon Overview and Level Annotations

Branches:
Dungeon (1/15)

Altars:


Innate Abilities, Weirdness & Mutations

You have sharp fingernails.


Message History

You kill the kobold!
Lugonu accepts your kill.
No target in view!
Some of the chunks of flesh in your inventory have rotted away.
f - a scroll labeled UNITIA QAXKOI
g - a scroll labeled TOIBROHAVO Some of the chunks of flesh in your inventory have rotted away.
Some of the chunks of flesh in your inventory have rotted away.
A rat and a dart slug come into view.
You regained 3 hp, and now have 23/24 hp.
There are monsters nearby!
You thump the rat!
You kill the rat!
Lugonu accepts your kill.
A giant cockroach comes into view.
A leopard gecko comes into view.
The leopard gecko hisses angrily.
Health restored: 24 A goblin comes into view.
The goblin shouts!
The leopard gecko bites you but does no damage.
You hit the leopard gecko but do no damage.
The leopard gecko bites you but does no damage.
The giant cockroach barely misses you. The leopard gecko bites you.
The dart slug launches a dart at you. The slug dart hits you!
A hobgoblin comes into view. It is wielding a club.
You take 2 damage, and have 22/24 hp.
The hobgoblin shouts!
You hit the goblin.
You hear a shout!
The giant cockroach bites you but does no damage.
The leopard gecko barely misses you. The goblin hits you.
The giant cockroach bites you but does no damage.
The dart slug launches a dart at you. The slug dart hits you!
You take 3 damage, and have 19/24 hp.
The leopard gecko bites you but does no damage.
A bat comes into view.
The bat moves out of view.
The dart slug bites you but does no damage.
You hit the giant cockroach.
The giant cockroach bites you but does no damage.
The leopard gecko hisses menacingly.
The giant cockroach bites you.
You take 2 damage, and have 17/24 hp.
You hit the giant cockroach.
You kill the giant cockroach!
Lugonu accepts your kill.
You closely miss the leopard gecko. The leopard gecko closely misses you.
The leopard gecko bites you.
You take 1 damage, and have 16/24 hp.
You hit the leopard gecko. The leopard gecko barely misses you.
The leopard gecko misses you.
You barely miss the leopard gecko. The leopard gecko bites you.
You take 5 damage, and have 12/24 hp.
MASSIVE DAMAGE!!
You hit the leopard gecko.
You kill the leopard gecko!
Lugonu accepts your kill.
The hobgoblin throws a stone.
The stone hits you but does no damage.
You hit the dart slug. The dart slug misses you.
You hit the dart slug. The dart slug launches a dart at you.
The slug dart misses you.
You sock the dart slug!
You kill the dart slug!
Lugonu accepts your kill.
Your Armour skill increases to level 2!
The bat hits you.
The hobgoblin throws a stone.
The stone hits you but does no damage.
You take 1 damage, and have 11/24 hp.
The bat barely misses you. The hobgoblin barely misses you.
Things that are here:
a leopard gecko corpse; a giant cockroach corpse The bat misses you.
You see here 2 stones.
You barely miss the bat. The bat hits you but does no damage.
The bat closely misses you. The bat hits you but does no damage.
Some of the chunks of flesh in your inventory have rotted away.
You barely miss the bat. The bat barely misses you.
You hit the bat.
You kill the bat!
Lugonu accepts your kill.
The hobgoblin throws a stone.
The stone misses you. The goblin hits you.
You barely miss the goblin. The goblin hits you but does no damage.
You thump the goblin!
You kill the goblin!
Lugonu accepts your kill.
The hobgoblin throws a stone.
The stone hits you but does no damage. The hobgoblin barely misses you.
Things that are here:
a goblin corpse; a leopard gecko corpse; a giant cockroach corpse You hit the hobgoblin but do no damage.
The hobgoblin hits you with a club.
You take 3 damage, and have 8/24 hp.
You closely miss the hobgoblin. The hobgoblin misses you.
You completely miss the hobgoblin. The hobgoblin hits you with a club.
* * * LOW HITPOINT WARNING * * *
The hobgoblin hits you with a club.
You die...

##### #.
#######...#######.
####.......#.........
#....#.###...#####...
#.##...###########.#.
#. #.................
#. #.#############.#.
#. #(# #.#. #.##@#
#... #...g# ########.
.?...!....# .........
.###.#....#
...#####.. .. #....#
.......... #.# #....#
...#####.† # .....#
.#####.. ?#....#
........ #(##...#
#######(


You could see a hobgoblin.

Vanquished Creatures
  A dart slug (D:1)
  A leopard gecko (D:1)
  2 giant cockroaches (D:1)
  2 goblins (D:1)
  2 jackals (D:1)
  3 bats (D:1)
  A frilled lizard (D:1)
  A kobold (D:1)
  3 rats (D:1)
16 creatures vanquished.

Notes
Turn   | Place    | Note
-------+----------+-------------------------------------------
     0 | Abyss:1  | Firecrotchwizard the Demonspawn Abyssal Knight began the quest for the Orb.
     0 | Abyss:1  | Reached XP level 1. HP: 18/18 MP: 2/2
     0 | D:1      | Escaped the Abyss
    35 | D:1      | Reached skill level 1 in Dodging
   186 | D:1      | Reached skill level 2 in Maces & Flails
   198 | D:1      | Reached * piety under Lugonu
   223 | D:1      | Gained mutation: You have sharp fingernails. [demonic ancestry]
   223 | D:1      | Reached XP level 2. HP: 21/24 MP: 4/4
   311 | D:1      | Reached skill level 2 in Armour
   322 | D:1      | HP: 3/24 [hobgoblin/club (5)]
   322 | D:1      | Slain by a hobgoblin

Vault maps used:
D:1:      zelgadis_glass_arrival_small, minmay_tromino_mix6

Skill      XL: |  1  2 |
---------------+-------+-----
Dodging        | 1 |  1.2
Maces & Flails | 2 |  2.1
Armour         | 2 |  2.0
Fighting       | |  3.1
Invocations    | |  2.8

Action                   || total
-------------------------++-------
Melee: Mace              ||    48
Invok: Depart the Abyss  ||     1
Armor: Leather armour    ||    20
Dodge: Dodged            ||    34

Table legend:
 A = Spawn XP
 B = Non-spawn XP
 C = Spawn XP percentage of total XP
 D = Spawn monster count
 E = Non-spawn monster count
 F = Spawn count percentage of total count
 G = Total turns spent on level
                    A         B        C        D         E        F      G
               +---------+---------+-------+---------+---------+-------+---------
         Total |       0 |      26 |   0.0 |       0 |      16 |   0.0 |   322
               +---------+---------+-------+---------+---------+-------+---------
           D:1 |       0 |      26 |   0.0 |       0 |      16 |   0.0 |   322
               +---------+---------+-------+---------+---------+-------+---------

Vault maps used:
D:1:      zelgadis_glass_arrival_small, minmay_tromino_mix6

Table legend:
 A = Turns spent in this place as a percentage of turns spent in the entire game.
 B = Non-inter-level travel turns spent in this place as a percentage of non-inter-level travel turns spent in the entire game.
 C = Inter-level travel turns spent in this place as a percentage of turns spent in this place.
 D = Turns resting spent in this place as a percentage of non-inter-level travel turns spent in this place.
 E = Turns spent auto-exploring this place as a percentage of non-inter-level travel turns spent in this place.
 F = Non-inter-level travel turns spent in this place divided by the number of levels of this place that you've seen.
                   A       B       C       D       E      F
               +-------+-------+-------+-------+-------+----------------------
         Total | 100.0 | 100.0 |   0.0 |  41.3 |  32.3 | 161.0
       Dungeon | 100.0 | 100.0 |   0.0 |  41.3 |  32.3 | 322.0
         Abyss |   0.0 |   0.0 |   N/A |   N/A |   N/A |   0.0
               +-------+-------+-------+-------+-------+----------------------

Table legend:
 A = Kills in this place as a percentage of kills in entire the game.
 B = Kills by you in this place as a percentage of kills by you in the entire game.
 C = Kills by friends in this place as a percentage of kills by friends in the entire game.
 D = Other kills in this place as a percentage of other kills in the entire game.
 E = Experience gained in this place as a percentage of experience gained in the entire game.
 F = Experience gained in this place divided by the number of levels of this place that you have seen.
                   A       B       C       D       E      F
               +-------+-------+-------+-------+-------+----------------------
         Total | 100.0 | 100.0 |   N/A |   N/A | 100.0 |  13.0
       Dungeon | 100.0 | 100.0 |   N/A |   N/A | 100.0 |  26.0
               +-------+-------+-------+-------+-------+----------------------
